 Dungeon Crawl Stone Soup version 0.22.0-13-g43fe8f2 (webtiles) character file.

165 nikopol the Magician (level 5, 0/28 HPs)
             Began as a Deep Elf Fire Elementalist on Aug 16, 2018.
             Succumbed to an adder's poison
             ... on level 3 of the Dungeon.
             The game lasted 00:06:11 (2518 turns).

nikopol the Magician (Deep Elf Fire Elementalist)   Turns: 2518, Time: 00:06:12

Health: 0/28       AC:  3    Str:  5    XL:     5   Next: 22%
Magic:  6/14       EV: 13    Int: 21    God:
Gold:   117        SH:  0    Dex: 15    Spells: 4/14 levels left

rFire    . . .     SeeInvis .   d - +1 dagger (venom)
rCold    . . .     Gourm    .   (no shield)
rNeg     . . .     Faith    .   a - +0 robe
rPois    .         Spirit   .   (no helmet)
rElec    .         Reflect  .   (no cloak)
rCorr    .         Harm     .   (no gloves)
MR       .....                  m - +0 pair of boots
Stlth    ++........             (no amulet)
HPRegen  0.09/turn              (no ring)
MPRegen  0.14/turn              (no ring)

@: lethally poisoned (0 -> -2)
A: no striking features
a: no special abilities


You were on level 3 of the Dungeon.
You were not hungry.

You visited 1 branch of the dungeon, and saw 3 of its levels.

You collected 117 gold pieces.

Inventory:

Hand Weapons
 d - a +1 dagger of venom (weapon)
Armour
 a - a +0 robe (worn)
 m - a +0 pair of boots (worn)
Magical Staves
 l - an uncursed staff of cold
Scrolls
 e - a scroll of fear
 f - 3 scrolls of identify
 g - a scroll of blinking
Potions
 b - a potion of invisibility
 h - 2 potions of haste
 i - a potion of cancellation
 k - 2 potions of mutation
Comestibles
 c - 9 rations
 n - 7 chunks of flesh


   Skills:
 + Level 2.7 Dodging
 + Level 3.0 Stealth
 + Level 5.0 Spellcasting
 + Level 2.9 Conjurations
 + Level 4.3 Fire Magic


You had 4 spell levels left.
You knew the following spells:

 Your Spells              Type           Power        Failure   Level  Hunger
a - Flame Tongue          Conj/Fire      ###..        2%          1    None
b - Throw Flame           Conj/Fire      ###...       3%          2    None
c - Conjure Flame         Conj/Fire      ###.....     8%          3    ##.....
d - Sticky Flame          Conj/Fire      ###.....     24%         4    ####...

Your spell library contained the following spells:

 Spells                   Type           Power        Failure   Level  Hunger
 Fireball                 Conj/Fire      ###.......   56%         5    #####..
 Confuse                  Hex            #.......     32%         3    ##.....
 Confusing Touch          Hex            #.....       11%         1    None
 Metabolic Englaciation   Hex/Ice        #.........   96%         5    #####..
 Petrify                  Tmut/Erth      #.......     71%         4    ####...
 Inner Flame              Hex/Fire       ##......     14%         3    ##.....
 Gell's Gravitas          Tloc           #.........   32%         3    ##.....
 Yara's Violent Unravell  Hex/Tmut       #.........   96%         5    #####..


Dungeon Overview and Level Annotations

Branches:
Dungeon (3/15)

Altars:
Ru


Message History

You feel magically purged.
Your magical contamination has completely faded away.
As you read the scroll labeled QEINUO VAJYEJOPPU, it crumbles to dust.
The scroll dissolves into smoke.
It was a scroll of fog.
* * * LOW HITPOINT WARNING * * *
You feel sick.
You see here an adder corpse.
* * * LOW HITPOINT WARNING * * *
You feel sick.
Found a ration.
Okay, then.
Found 12 poisoned needles.
* * * LOW HITPOINT WARNING * * *
You feel sick.
* * * LOW HITPOINT WARNING * * *
You feel sick.
You see here a ration.
You see here a ration.
c - 9 rations (gained 1)
You die...

############
#..........#
#..........#
#...(......#
#(.........#
#..........#
#.@........#
#..........##
#..........§##
#######..##.§#
##..##§##
##..§§§#####
####§§§§...
##.§###.
##.##..


There were no monsters in sight!

Vanquished Creatures
  A worker ant (D:3)
  8 adders
  An ooze (D:3)
  A dart slug (D:1)
  3 leopard geckos
  A ball python (D:3)
  5 bats
  7 giant cockroaches
  3 goblins
  5 hobgoblins
  2 jackals (D:1)
  A quokka (D:2)
  5 frilled lizards
  8 kobolds
  9 rats
60 creatures vanquished.

Notes
Turn   | Place    | Note
-------+----------+-------------------------------------------
     0 | D:1      | nikopol the Deep Elf Fire Elementalist began the quest for the Orb.
     0 | D:1      | Reached XP level 1. HP: 10/10 MP: 6/6
    69 | D:1      | Reached XP level 2. HP: 7/15 MP: 1/8
  1075 | D:2      | Reached XP level 3. HP: 19/19 MP: 8/10
  1079 | D:2      | Learned a level 2 spell: Throw Flame
  1083 | D:2      | Learned a level 3 spell: Conjure Flame
  1245 | D:2      | Found a sacrificial altar of Ru.
  1574 | D:2      | Reached skill level 4 in Spellcasting
  1753 | D:2      | Reached XP level 4. HP: 18/24 MP: 4/12
  1889 | D:2      | Learned a level 4 spell: Sticky Flame
  2359 | D:3      | Reached XP level 5. HP: 23/28 MP: 7/14
  2501 | D:3      | Reached skill level 5 in Spellcasting
  2514 | D:3      | HP: 1/28 [poisoned by an adder]
  2518 | D:3      | Succumbed to an adder's poison

Skill      XL: |  1  2  3  4  5 |
---------------+----------------+-----
Conjurations   | 2 |  2.9
Spellcasting   | 4 5 |  5.0
Fire Magic     | 4 |  4.3
Stealth        | 3 |  3.0
Dodging        | |  2.7

Action                   |  1- 3 |  4- 6 || total
-------------------------+-------+-------++-------
 Cast: Flame Tongue      |    67 |    51 ||   118
  Use: Scroll            |       |     7 ||     7
       Potion            |       |     1 ||     1
  Eat: Chunk             |     2 |     3 ||     5
Armor: Robe              |     3 |     2 ||     5
Dodge: Dodged            |    21 |    14 ||    35
